 Dungeon Crawl Stone Soup version 0.31-a0-325-g067879e3d3 (webtiles) character file.

Game seed: 12121566087630626636

1370 cforsyth the Grappler (level 8, -4/68 HPs)
             Began as a Vampire Shapeshifter on July 19, 2023.
             Was an Initiate of Hepliaklqana.
             Splashed by a jelly's acid (6 damage)
             ... on level 5 of the Dungeon.
             The game lasted 00:04:29 (4027 turns).

cforsyth the Grappler (Vampire Shapeshifter)        Turns: 4027, Time: 00:04:30

Health: -4/68      AC: -7    Str: 16    XL:     8   Next: 38%
Magic:  8/8        EV:  5    Int: 10    God:    Hepliaklqana [......]
Gold:   181        SH:  0    Dex: 15    Spells: 7/7 levels left

rFire   . .          .
                       - Unarmed
rCold   . . .        (no shield)
rNeg    . . .        u - +0 plate armour
rPois   .            (no helmet)
rElec   .            (no cloak)
rCorr   .            (no gloves)
SInv    +            j - +2 pair of boots
Will    .....        (no amulet) Stlth
                     (no ring)
HPRegen 0.51/turn    (no ring)
MPRegen 0.11/turn

%: no passive effects
@: corroded, healing quickly
A: alive, fangs 3, see invisible, vampiric 2
a: Exsanguinate, Renounce Religion


You were on level 5 of the Dungeon.
You worshipped Hepliaklqana.
Hepliaklqana was noncommittal.
You visited 1 branch of the dungeon, and saw 6 of its levels.

You collected 181 gold pieces.

Inventory:

Missiles
 b - a throwing net
Armour
 a - a +0 animal skin
 i - a +0 chain mail
 j - a +2 pair of boots (worn)
 u - a +0 plate armour (worn)
Jewellery
 g - a +4 ring of protection
 m - a ring of fire
Talismans
 c - a beast talisman
Wands
 w - a wand of acid (8)
Scrolls
 d - 7 scrolls of identify {unknown}
 e - 3 scrolls of teleportation {unknown}
 k - 2 scrolls of amnesia {unknown}
 o - a scroll of brand weapon {unknown}
 p - a scroll of fear {unknown}
 q - a scroll of fog {unknown}
 t - a scroll of enchant weapon {unknown}
Potions
 f - a potion of invisibility {unknown}
 h - 2 potions of cancellation {unknown}
 l - 2 potions of heal wounds {unknown}
 n - a potion of experience
 r - a potion of might {unknown}
 s - a potion of mutation {unknown}
 v - 2 potions of lignification


   Skills:
 + Level 8.2 Fighting
 - Level 2.1 Dodging
 + Level 9.5 Unarmed Combat
 + Level 8.5 Shapeshifting


You had 7 spell levels left.
You didn't know any spells.
Your spell library contained the following spells:

 Spells                   Type           Power      Damage    Failure   Level
 Summon Guardian Golem    Hex/Summ       0%         N/A       100%        3
 Orb of Destruction       Conj           0%         9d5       100%        7
 Spellforged Servitor     Conj/Summ      0%         N/A       100%        7


Dungeon Overview and Level Annotations

Branches:
Dungeon (6/15)
 Temple: D:4-7

Altars:
Hepliaklqana


Innate Abilities, Weirdness & Mutations

Your natural rate of healing is accelerated.
You have razor-sharp teeth.
You have supernaturally acute eyesight. (SInv)
You are afflicted with vampirism and can become a bat while bloodless.


Message History

The jelly is moderately wounded.
You hit the jelly but do no damage.
Your hands burn!
The jelly is moderately wounded.
The jelly hits you but does no damage.
You hit the jelly. The acid corrodes you!
Your hands burn!
The jelly is heavily wounded.
The jelly barely misses you.
You hit the jelly but do no damage.
Your hands burn!
The jelly is heavily wounded.
The jelly hits you. The acid corrodes you!
You are splashed with acid!
You are too injured to fight recklessly!
You are too injured to fight recklessly!
You are too injured to fight recklessly!
You are too injured to fight recklessly!
You are too injured to fight recklessly!
You are too injured to fight recklessly!
You are too injured to fight recklessly!
You are too injured to fight recklessly!
You hit the jelly but do no damage.
Your hands burn!
You bite the jelly.
The jelly is severely wounded.
The jelly hits you.
You are splashed with acid.
* * * LOW HITPOINT WARNING * * *
You hit the jelly but do no damage.
Your hands burn!
* * * LOW HITPOINT WARNING * * *
The jelly is severely wounded.
The jelly hits you.
* * * LOW HITPOINT WARNING * * *
The acid corrodes you!
You are splashed with acid!
* * * LOW HITPOINT WARNING * * *
Okay, then.
It was a potion of experience.
You feel more experienced!
Your Fighting skill gained 4 levels and is now at level 8!
Your Unarmed Combat skill gained 4 levels and is now at level 9!
Your Shapeshifting skill gained 3 levels and is now at level 8!
You have reached level 8!
The jelly hits you.
* * * LOW HITPOINT WARNING * * *
The acid corrodes you!
You are splashed with acid.
You die...

#.###.#.......#~...~#####.#.#####
#...#....[##~...~# #.#.[....
#..........#~...~# #.#######
#...#.####.#~.(.~# #.# #####.#
#.##...## #.# ##### #.#
#.###'#######.###.... #.
#O#............##.###
#.##J..#..###..##.# #.##@.....#
#..##.# #.##.#....# #..##.#
#..[[#....# #..##.#
####......###..##.#
#......##...##.##
#........###....## #........#
#...>.. #....(##.###......
#########...######


You could see a jelly.

Vanquished Creatures
  Prince Ribbit (D:5)
  2 ogres
  Blork the orc (D:5)
  A sleepcap (D:4)
  3 orc wizards
  3 gnolls (D:4)
  3 adders
  2 ufetubi
  A worm (D:3)
  3 dart slugs
  6 orcs
  9 endoplasms
  2 giant cockroaches
  6 hobgoblins
  4 jackals (D:2)
  4 quokkas
  6 ball pythons
  8 bats
  3 frilled lizards
  8 goblins
  7 kobolds
  8 rats
  A spectral kobold (D:5)
92 creatures vanquished.

Notes
Turn   | Place    | Note
-------+----------+-------------------------------------------
     0 | D:1      | cforsyth the Vampire Shapeshifter began the quest for the
                  | Orb.
     0 | D:1      | Reached XP level 1. HP: 16/16 MP: 1/1
   157 | D:1      | Reached XP level 2. HP: 20/22 MP: 2/2
   703 | D:2      | Gained mutation: You are afflicted with vampirism and can
                  | become a bat while bloodless. [Vampire growth]
   703 | D:2      | Reached XP level 3. HP: 25/28 MP: 3/3
   837 | D:2      | Reached skill level 3 in Unarmed Combat
  1197 | D:3      | Reached XP level 4. HP: 34/34 MP: 4/4
  2384 | D:4      | Noticed an ogre
  2394 | D:4      | Killed an ogre
  2395 | D:4      | Reached XP level 5. HP: 41/41 MP: 5/5
  2441 | D:4      | Reached skill level 4 in Unarmed Combat
  3237 | D:5      | Entered Level 5 of the Dungeon
  3250 | D:5      | Reached XP level 6. HP: 48/48 MP: 6/6
  3271 | D:5      | Noticed Prince Ribbit
  3301 | D:5      | Killed Prince Ribbit
  3302 | D:5      | Reached skill level 5 in Shapeshifting
  3591 | D:5      | Reached skill level 5 in Unarmed Combat
  3591 | D:5      | Reached XP level 7. HP: 48/54 MP: 7/7
  3620 | D:5      | Found a hazy altar of Hepliaklqana.
  3631 | D:5      | Became a worshipper of Hepliaklqana the Forgotten
  3726 | D:5      | Noticed Blork the orc
  3741 | D:5      | Killed Blork the orc
  4027 | D:5      | Reached skill level 9 in Unarmed Combat
  4027 | D:5      | Reached XP level 8. HP: 4/68 MP: 8/8
  4027 | D:5      | HP: 2/68 [jelly (3)]
  4027 | D:5      | Splashed by a jelly's acid

Illustrated notes

Levels and vault maps discovered:
D:1:      saegor_arrival_simple_b, layout_loops_cross
D:2:      layout_rooms, minmay_cupped
D:3:      layout_basic, nicolae_elyvilon_temple_path
D:4:      layout_basic, amethyst_killhole
D:5:      layout_loops_ring, nicolae_hepliaklqana_monster_ancestors,
          grunt_temple_overflow_lords_of_destruction,
          lemuel_coloured_pillars_altar, minmay_holes, uniq_prince_ribbit1,
          uniq_blork_the_orc
D:6:      layout_basic, mainiacjoe_overflow_surrounded_room, xom_butterflies

Skill      XL: |  1  2  3  4  5  6  7 |
---------------+----------------------+-----
Fighting       | 2 3 4 8 |  8.2
Unarmed Combat | 3 4 5 9 |  9.5
Shapeshifting  | 4 5 8 |  8.5
Dodging        | |  2.1

Action                     |  1- 3 |  4- 6 |  7- 9 || total
---------------------------+-------+-------+-------++-------
  Melee: Unarmed           |   104 |   179 |    47 ||   330
         Bite              |     6 |    19 |     6 ||    31
         Punch             |     2 |     5 |     1 ||     8
    Use: Potion            |       |     1 |     1 ||     2
   Stab: Sleeping          |     3 |       |       ||     3
 Armour: Animal skin       |    29 |       |       ||    29
         Chain mail        |    21 |   128 |     4 ||   153
         Skin              |       |     9 |       ||     9
         Plate armour      |       |       |    16 ||    16
  Dodge: Dodged            |    64 |    77 |    15 ||   156
         Form:             |     1 |       |       ||     1

Table legend: (Time is in decaauts)
 A = Elapsed time spent in this place.
 B = Non-inter-level travel time spent in this place.
 C = Inter-level travel time spent in this place.
 D = Time resting spent in this place.
 E = Time spent auto-exploring this place.
 F = Levels seen in this place.
 G = Mean time per level.
                   A        B        C        D        E       F      G
               +--------+--------+--------+--------+--------+-----+--------+
         Total |   4007 |   3824 |    183 |    188 |   2891 |   6 |  667.8 |
       Dungeon |   4007 |   3824 |    183 |    188 |   2891 |   6 |  667.8 |
               +--------+--------+--------+--------+--------+-----+--------+

Top non-repeatable levels by time:
     D:3: 1299 daAuts
     D:4: 826 daAuts
     D:1: 645 daAuts
     D:5: 607 daAuts
     D:2: 480 daAuts
     D:6: 148 daAuts
